 Dungeon Crawl Stone Soup version 0.30-a0-1161-g0704695555 (webtiles) character file.

Game seed: 6263951798722382108

73 Demosthentine the Poker (level 4, -6/34 HPs)
             Began as a Demonspawn Gladiator on Apr 19, 2023.
             Killed by nerve-wracking pain
             ... invoked by Jessica
              (11 damage)
             ... on level 3 of the Dungeon on Apr 27, 2023.
             The game lasted 00:02:16 (1493 turns).

Demosthentine the Poker (Demonspawn Gladiator)      Turns: 1493, Time: 00:02:16

Health: -6/34      AC:  6    Str: 16    XL:     4   Next: 8%
Magic:  4/4        EV: 13    Int:  8    God:
Gold:   133        SH:  0    Dex: 18    Spells: 3/3 levels left

rFire   . . .        a - +0 trident
rCold   . . .        (no shield)
rNeg    . . .        b - +0 leather armour
rPois   .            c - +0 helmet
rElec   .            (no cloak)
rCorr   .            (no gloves)
SInv    .            (no boots)
Will    .....        (no amulet)
Stlth   +            (no ring)
HPRegen 0.25/turn    (no ring)
MPRegen 0.09/turn

%: no passive effects
@: no status effects
A: icy blue scales 1, powered by pain 1, agile 1, MP-powered wands
a: no special abilities


You were on level 3 of the Dungeon.
You visited 1 branch of the dungeon, and saw 3 of its levels.

You collected 133 gold pieces.

Inventory:

Hand Weapons
 a - a +0 trident (weapon)
Missiles
 d - 3 throwing nets (quivered)
 e - a javelin
Armour
 b - a +0 leather armour (worn)
 c - a +0 helmet (worn)
Scrolls
 g - 2 scrolls of poison
 i - a scroll of blinking
 j - a scroll of fear
 l - a scroll of fog {unknown}
Potions
 f - a potion of haste
 h - a potion of flight


   Skills:
 + Level 2.7 Fighting
 + Level 3.2 Polearms
 - Level 1.7 Throwing
 + Level 1.4 Armour
 + Level 3.2 Dodging


You had 3 spell levels left.
You didn't know any spells.
Your spell library contained the following spells:

 Spells                   Type           Power      Damage    Failure   Level
 Hailstorm                Conj/Ice       0%         3d3       85%         3
 Ice Form                 Ice/Tmut       0%         N/A       99%         4
 Simulacrum               Ice/Necr       0%         N/A       100%        6


Dungeon Overview and Level Annotations

Branches:
Dungeon (3/15)

Altars:

Annotations:
D:3 Jessica


Innate Abilities, Weirdness & Mutations

You are partially covered in icy blue scales. (AC +2)
You sometimes gain a little power by taking damage.
You are agile. (Dex +4, Str/Int -1)
You expend magic power (3 MP) to strengthen your wands.


Message History

You now have 133 gold pieces (gained 12).
l - a scroll labelled HATOEM IXOFEUG Jessica the Apprentice Sorceress comes into view.
She is wielding a +2 spectral club.
Jessica shouts!
Jessica casts a spell at you. Pain shoots through your body!
You hear the slow rusting of a very distant drain.
Jessica casts a spell.
Jessica blinks!
No target in view!
No target in view!
No target in view!
No target in view!
You reach to attack!
You barely miss Jessica. You closely miss Jessica.
Jessica hits you with a +2 spectral club.
The +2 spectral club closely misses you.
A +2 spectral club comes into view.
You hit Jessica but do no damage. Jessica completely misses you.
The +2 spectral club hits you!
You closely miss Jessica.
Jessica hits you with a +2 spectral club.
The +2 spectral club hits you!
* * * LOW HITPOINT WARNING * * *
You are too injured to fight recklessly!
You are too injured to fight recklessly!
You closely miss Jessica. Jessica hits you but does no damage.
The +2 spectral club hits you.
* * * LOW HITPOINT WARNING * * *
It was a potion of mutation.
You feel extremely strange.
You feel agile.
You feel your magical essence link to the dungeon's wands.
Jessica mumbles some strange words.
Jessica blinks!
You hit Jessica but do no damage.
Jessica mumbles some strange words.
Jessica blinks!
Jessica gestures at you while chanting. Pain shoots through your body!
You die...

##.# ..#
... ..#
#.## #.@#
#..# #..#
#@.##.#.#
#........
#.##.##.#
#.# .#
#.# .## #
#.##..#.#
#...#...#
##...#
#...#


You could see Jessica.

Vanquished Creatures
  2 adders (D:2)
  3 worms (D:2)
  2 dart slugs (D:1)
  5 ball pythons
  2 endoplasms
  A giant cockroach (D:2)
  8 goblins
  A hobgoblin (D:1)
  7 bats
  6 frilled lizards
  3 kobolds
  4 rats
44 creatures vanquished.

Notes
Turn   | Place    | Note
-------+----------+-------------------------------------------
     0 | D:1      | Demosthentine the Demonspawn Gladiator began the quest for
                  | the Orb.
     0 | D:1      | Reached XP level 1. HP: 16/16 MP: 1/1
    48 | D:1      | Gained mutation: You are partially covered in icy blue
                  | scales. (AC +2) [demonic ancestry]
    48 | D:1      | Reached XP level 2. HP: 15/22 MP: 2/2
   206 | D:1      | Upgraded the game from 0.30-a0-1103-g25895a7845 to
                  | 0.30-a0-1161-g0704695555
   371 | D:1      | Reached skill level 1 in Armour
   538 | D:2      | Reached XP level 3. HP: 28/28 MP: 3/3
   881 | D:2      | Gained mutation: You sometimes gain a little power by
                  | taking damage. [demonic ancestry]
   881 | D:2      | Reached XP level 4. HP: 34/34 MP: 4/4
  1480 | D:3      | Noticed Jessica
  1491 | D:3      | Gained mutation: You are agile. (Dex +4, Str/Int -1)
                  | [potion of mutation]
  1491 | D:3      | Gained mutation: You expend magic power (3 MP) to
                  | strengthen your wands. [potion of mutation]
  1493 | D:3      | Killed from afar by Jessica

Illustrated notes

Levels and vault maps discovered:
D:1:      kennysheep_arrival_forest, layout_rooms, minmay_cut_off
D:2:      layout_loops_ring, small_statue_intersection,
          minmay_misc_feat_encased, ebering_dispersal_statue_hall, minivault_27,
          solitary_fountain
D:3:      layout_basic, nicolae_overflow_hidden_temple, portal_sewer_entry_d,
          kennysheep_generic_room_9, uniq_jessica

Skill      XL: |  1  2 |
---------------+-------+-----
Polearms       | 3 |  3.2
Dodging        | 3 |  3.2
Armour         | 1 |  1.4
Fighting       | |  2.7
Throwing       | |  1.7

Action                     |  1- 3 |  4- 6 || total
---------------------------+-------+-------++-------
  Melee: Trident           |   116 |    26 ||   142
         Punch             |     1 |     1 ||     2
    Use: Scroll            |     4 |     2 ||     6
         Potion            |       |     1 ||     1
   Stab: Sleeping          |     1 |       ||     1
 Armour: Leather armour    |    22 |    12 ||    34
  Dodge: Dodged            |    68 |    20 ||    88

Table legend: (Time is in decaauts)
 A = Elapsed time spent in this place.
 B = Non-inter-level travel time spent in this place.
 C = Inter-level travel time spent in this place.
 D = Time resting spent in this place.
 E = Time spent auto-exploring this place.
 F = Levels seen in this place.
 G = Mean time per level.
                   A        B        C        D        E       F      G
               +--------+--------+--------+--------+--------+-----+--------+
         Total |   1514 |   1456 |     58 |    100 |   1026 |   3 |  504.7 |
       Dungeon |   1514 |   1456 |     58 |    100 |   1026 |   3 |  504.7 |
               +--------+--------+--------+--------+--------+-----+--------+

Top non-repeatable levels by time:
     D:2: 836 daAuts
     D:1: 616 daAuts
     D:3: 61 daAuts
